 Dungeon Crawl Stone Soup version 0.28.0-43-g3370ac3207 (webtiles) character file.

Game seed: 7062970496568262244

5616 protoss039 the Thaumaturge (level 10, 0/56 HPs)
             Began as a Deep Elf Conjurer on Mar 28, 2022.
             Was a Follower of Sif Muna.
             Slain by a freezing wraith (10 damage)
             ... summoned by a worldbinder
             ... on level 2 of the Abyss.
             The game lasted 00:28:34 (11607 turns).

protoss039 the Thaumaturge (Deep Elf Conjurer)     Turns: 11607, Time: 00:28:35

Health: 0/56       AC:  7    Str:  4      XL:     10   Next: 45%
Magic:  21/29      EV: 12    Int: 33 (34) God:    Sif Muna [*.....]
Gold:   455        SH:  5    Dex: 13      Spells: 9/35 levels left

rFire   . . .      SeeInvis .   t - +1 dagger (venom)
rCold   . . .      Faith    .   (no shield)
rNeg    + . .      Spirit   .   v - +2 robe {rN+}
rPois   +          Reflect  +   (no helmet)
rElec   .          Harm     .   e - +0 cloak
rCorr   .          Rampage  .   E - +0 pair of gloves
Will    +....                   b - +0 pair of boots
Stlth   ++........              o - amulet of reflection
HPRegen 0.18/turn               l - ring of poison resistance
MPRegen 0.21/turn               c - +6 ring of intelligence

@: no status effects
A: no striking features
a: Renounce Religion, Channel Magic


You were on level 2 of the Abyss.
You worshipped Sif Muna.
Sif Muna was aware of your devotion.
You visited 2 branches of the dungeon, and saw 11 of its levels.
You visited the Abyss 1 time.

You collected 455 gold pieces.

Inventory:

Hand Weapons
 s - a +2 hand axe of freezing
 t - a +1 dagger of venom (weapon)
 w - the +4 falchion of Fimbulwinter {flame, rElec Str-3 Dex+9 Stlth-}
   (You found it on level 6 of the Dungeon)

   It burns those it strikes, dealing additional fire damage.
   Big, fiery blades are also staple armaments of hydra-hunters.
   Str:       It affects your strength (-3).
   Dex:       It affects your dexterity (+9).
   rElec:     It insulates you from electricity.
   Stlth:     It makes you less stealthy.
Armour
 b - a +0 pair of boots (worn)
 e - a +0 cloak (worn)
 v - a +2 robe of positive energy (worn)
 A - +0 steam dragon scales
 E - a +0 pair of gloves (worn)
Magical Staves
 y - a staff of earth
Jewellery
 c - a +6 ring of intelligence (right hand)
 l - a ring of poison resistance (left hand)
 o - an amulet of reflection (around neck)
Wands
 B - a wand of paralysis (4)
 C - a wand of digging (9)
 H - a wand of iceblast (6)
Scrolls
 i - 4 scrolls of teleportation
 n - 3 scrolls of amnesia
 q - a scroll of fear
 u - 2 scrolls of noise {unknown}
 z - a scroll of enchant weapon {unknown}
 F - a scroll of acquirement {unknown}
 G - a scroll of torment {unknown}
 J - a scroll of fog {unknown}
Potions
 a - a potion of attraction {unknown}
 f - a potion of degeneration {unknown}
 g - a potion of ambrosia {unknown}
 h - a potion of flight {unknown}
 j - a potion of curing
 k - 3 potions of brilliance
 m - a potion of lignification
 p - 3 potions of invisibility
 r - a potion of mutation
 x - 3 potions of might
 D - a potion of magic {unknown}
 I - 2 potions of cancellation
 K - a potion of resistance {unknown}


   Skills:
 * Level 4.1 Fighting
 - Level 3.0 Dodging
 - Level 3.1 Stealth
 + Level 13.3 Spellcasting
 + Level 10.7 Conjurations
 * Level 5.7 Hexes
 - Level 3.0 Fire Magic
 * Level 2.4 Invocations


You had 9 spell levels left.
You knew the following spells:

 Your Spells              Type           Power      Damage    Failure   Level
a - Magic Dart            Conj           100%       1d8       1%          1
b - Searing Ray           Conj           100%       2d8       1%          2
c - Dazzling Flash        Conj/Hex       100%       N/A       1%          3
d - Fulminant Prism       Conj/Hex       33%        3d16      1%          4
e - Iskenderun's Mystic   Conj/Tloc      55%        2d12      2%          4
f - Inner Flame           Hex/Fire       50%        N/A       1%          3
g - Cause Fear            Hex            28%        N/A       1%          4
h - Lightning Bolt        Conj/Air       27%        1d44      6%          5

Your spell library contained the following spells:

 Spells                   Type           Power      Damage    Failure   Level
 Airstrike                Air            10%        N/A       21%         4
 Summon Lightning Spire   Summ/Air       21%        N/A       21%         4
 Discord                  Hex            28%        N/A       100%        8


Dungeon Overview and Level Annotations

Branches:
Dungeon (10/15)            Temple (1/1) D:6
   Lair: D:8-11         Orc: D:9-12

Altars:
Ashenzari
Cheibriados
Dithmenos
Elyvilon
Fedhas
Gozag
Hepliaklqana
Kikubaaqudgha
Makhleb
Nemelex Xobeh
Okawaru
Qazlal
Ru
Sif Muna
Trog
Uskayaw
Vehumet
Xom
Yredelemnul
Zin
The Shining One

Shops:
D:1 [[=(   D:3 =

Annotations:
D:6 1 runed translucent door, MisterFreud's ghost, novice GnCA
D:8 3 runed translucent doors
D:9 Erolcha


Message History

You block the worldbinder's attack.
The worldbinder hits you but does no damage.
The searing ray hits the worldbinder but does no damage.
The worldbinder is lightly damaged.
The worldbinder hits you.
The worldbinder hits you but does no damage.
The worldbinder calls forth creatures from the Crypt!
The searing ray hits the worldbinder.
The worldbinder is lightly damaged.
You finish channelling your searing ray.
The worldbinder hits you. The worldbinder closely misses you.
Casting: Searing Ray (safe; 1% risk of failure)
Confirm with . or Enter, or press ? or * to list all spells.
Aiming: Searing Ray (safe; 1% risk of failure)
Press: ? - help, Shift-Dir - straight line, f/p - worldbinder
Aim: a worldbinder (lightly damaged, 96% to hit)
The searing ray hits the worldbinder!
The worldbinder is moderately damaged.
The searing ray hits the freezing wraith.
The freezing wraith is lightly damaged. (Press . to maintain the ray.)
The worldbinder hits you but does no damage.
The worldbinder hits you.
Unknown command.
The searing ray hits the worldbinder.
The worldbinder is heavily damaged.
The searing ray hits the freezing wraith but does no damage.
The freezing wraith is lightly damaged.
The worldbinder calls forth creatures from the Crypt!
You block the worldbinder's attack. The worldbinder closely misses you.
The searing ray hits the worldbinder.
The worldbinder is heavily damaged.
The freezing wraith hits you! The freezing wraith freezes you!!
The freezing wraith hits you.
* * * LOW HITPOINT WARNING * * *
The worldbinder hits you but does no damage.
You block the worldbinder's attack. The freezing wraith hits you.
* * * LOW HITPOINT WARNING * * *
The freezing wraith freezes you!
You die...

# .#.. # .## ###
#### # ..###.#
.#.# #.. .#.#.#
#... .
..#.#...##W.#
....#.#.##..#W##
...... .###.@x.#
###..#..#.#W#..#
#.... .######
#... ..# ##....#
## .....##.
#.#.#...# #
#..... .. #....
..##. ### .. .
.. .. ..## #
#.##.## ... .
#..##..#...# ..
. ... .. #..
###...#.#.. ....


You could see 3 freezing wraiths and a worldbinder.

Vanquished Creatures
  10 yaks
  2 humans (D:8)
  A steam dragon (D:7)
  Menkaure (D:6)
  3 water moccasins
  An orc warrior (D:6)
  A black bear (D:7)
  4 necrophages
  2 ogres
  3 centaurs
  Blork the orc (D:6)
  A kobold brigand (D:7)
  5 bullfrogs
  2 scorpions
  A water moccasin zombie (D:6)
  A wyvern skeleton (D:5)
  A water moccasin skeleton (D:6)
  15 killer bees
  An electric eel (D:10)
  2 howler monkeys
  2 centaur zombies
  2 bullfrog zombies
  3 hounds
  2 jellies
  2 bullfrog skeletons (D:5)
  3 orc priests
  A centaur skeleton (D:6)
  3 iguanas
  4 orc wizards
  A killer bee zombie (D:7)
  3 gnolls (D:4)
  8 adders
  A shadow imp (Abyss:2)
  6 white imps
  2 adder skeletons (D:4)
  2 worms
  3 dart slugs
  25 orcs
  9 ball pythons
  12 bats
  7 endoplasms
  5 giant cockroaches
  11 goblins
  7 hobgoblins
  8 kobolds
  A quokka (D:5)
  A frilled lizard (D:1)
  A rat (D:1)
  A spectral orc (D:6)
194 creatures vanquished.

Vanquished Creatures (others)
  23 fulminant prisms
23 creatures vanquished.

Grand Total: 217 creatures vanquished

Notes
Turn   | Place    | Note
-------+----------+-------------------------------------------
     0 | D:1      | protoss039 the Deep Elf Conjurer began the quest for the
                  | Orb.
     0 | D:1      | Reached XP level 1. HP: 10/10 MP: 6/6
   294 | D:1      | Found Eqiupuu's Jewellery Emporium.
   299 | D:1      | Reached XP level 2. HP: 15/15 MP: 4/8
   487 | D:1      | Found Jeysmefu's Armour Shoppe.
   488 | D:1      | Found Taicej's Antique Armour Emporium.
   517 | D:1      | Reached skill level 5 in Conjurations
   578 | D:1      | Learned a level 2 spell: Searing Ray
   663 | D:1      | Reached XP level 3. HP: 19/19 MP: 6/10
   768 | D:1      | Found Pecrafop's Antique Weapon Emporium.
  1294 | D:2      | Reached XP level 4. HP: 24/24 MP: 8/11
  1455 | D:2      | Reached skill level 4 in Spellcasting
  2038 | D:2      | Learned a level 3 spell: Dazzling Flash
  2235 | D:3      | Found Poraetto's Jewellery Shoppe.
  2750 | D:3      | Reached XP level 5. HP: 25/28 MP: 10/13
  3224 | D:4      | Noticed a centaur
  3269 | D:4      | Noticed an ogre
  3278 | D:4      | Killed an ogre
  3279 | D:4      | Reached skill level 5 in Spellcasting
  3279 | D:4      | Reached XP level 6. HP: 12/32 MP: 5/16
  3531 | D:4      | Reached skill level 6 in Spellcasting
  4241 | D:4      | Found a shadowy altar of Dithmenos.
  4248 | D:4      | Found a glowing golden altar of the Shining One.
  4573 | D:4      | Learned a level 4 spell: Fulminant Prism
  4574 | D:5      | Entered Level 5 of the Dungeon
  4695 | D:5      | Reached skill level 7 in Spellcasting
  4695 | D:5      | Reached skill level 1 in Hexes
  4695 | D:5      | Reached XP level 7. HP: 21/36 MP: 8/19
  5189 | D:5      | Found a sparkling altar of Nemelex Xobeh.
  5550 | D:5      | Reached skill level 8 in Spellcasting
  5767 | D:6      | Reached XP level 8. HP: 27/42 MP: 10/22
  5968 | D:6      | Reached skill level 1 in Fighting
  6040 | D:6      | Found a runed translucent door.
  6040 | D:6      | Noticed MisterFreud's ghost (novice GnCA)
  6095 | D:6      | Noticed Blork the orc
  6101 | D:6      | Killed Blork the orc
  6102 | D:6      | Reached skill level 9 in Spellcasting
  6317 | D:6      | Identified the +4 falchion of Fimbulwinter {flame, rElec
                  | Str-3 Dex+9 Stlth-}
  6689 | D:6      | Found a staircase to the Ecumenical Temple.
  6705 | Temple   | Entered the Ecumenical Temple
  7020 | D:6      | Reached skill level 10 in Spellcasting
  7524 | D:6      | Found a basalt altar of Yredelemnul.
  7524 | D:6      | Noticed Menkaure
  7530 | D:6      | Killed Menkaure
  7729 | D:6      | Learned a level 4 spell: Iskenderun's Mystic Blast
  7768 | D:7      | Reached XP level 9. HP: 49/49 MP: 17/25
  8116 | D:7      | Reached skill level 11 in Spellcasting
  9387 | D:7      | Learned a level 3 spell: Inner Flame
  9392 | D:7      | Learned a level 4 spell: Cause Fear
  9413 | D:8      | Found a glowing silver altar of Zin.
  9453 | D:8      | Found a runed translucent gate.
  9493 | D:8      | Reached skill level 12 in Spellcasting
  9500 | D:8      | Reached skill level 1 in Fire Magic
  9514 | D:8      | Reached skill level 10 in Conjurations
  9624 | D:8      | Found an iron altar of Okawaru.
  9717 | D:8      | Noticed a cyan ugly thing
  9718 | D:8      | Found a runed translucent gate.
  9718 | D:8      | Found a runed translucent gate.
  9718 | D:8      | Noticed a green ugly thing
  9718 | D:8      | Noticed a glowing orange brain
  9729 | D:8      | Found a hazy altar of Hepliaklqana.
  9757 | D:8      | Found a broken altar of Ashenzari.
  9975 | D:8      | Found a shimmering blue altar of Sif Muna.
  9990 | D:8      | Became a worshipper of Sif Muna the Loreminder
 10161 | D:8      | Noticed a purple ugly thing
 10161 | D:8      | Noticed a green ugly thing
 10204 | D:9      | Reached XP level 10. HP: 56/56 MP: 15/28
 10208 | D:9      | Reached skill level 1 in Invocations
 10565 | D:9      | Reached skill level 13 in Spellcasting
 10606 | D:9      | You fall into a shaft and drop 1 floor!
 10606 | D:10     | Entered Level 10 of the Dungeon
 10784 | D:10     | Reached skill level 5 in Hexes
 10786 | D:10     | Reached * piety under Sif Muna
 11238 | D:9      | Learned a level 5 spell: Lightning Bolt
 11239 | D:10     | Noticed a gargoyle
 11243 | D:9      | Noticed Erolcha
 11243 | D:9      | Cast into level 2 of the Abyss (Erolcha)
 11279 | Abyss:2  | Noticed a starcursed mass
 11444 | Abyss:2  | Noticed a starcursed mass
 11566 | Abyss:2  | Noticed a spatial maelstrom
 11600 | Abyss:2  | Noticed a worldbinder
 11607 | Abyss:2  | Slain by a freezing wraith

Illustrated notes

Levels and vault maps discovered:
D:1:      wander_arrival_estate, layout_rooms, serial_shops, shop_fountains,
          shop, nicolae_shop_behind_doors, nicolae_shop_advertising_works
          [nicolae_subvault_shop_adworks]
D:2:      layout_rooms, hangedman_decor_clover_reticule,
          nicolae_figureground_pulse
D:3:      layout_loops_ring, serial_shops, nicolae_diamond_shop,
          minmay_crystal_room
D:4:      layout_loops_corners, amethyst_overflow_temple_binary
D:5:      layout_basic, mainiacjoe_overflow_alcove_2, item_on_display_a
D:6:      layout_basic, yredelemnul_forgotten_temple_becter,
          minmay_temple_entry_slanted, serial_corexii_hall,
          chequers_hall_statues_corner_a, corexii_hall_statues_i,
          corexii_hall_statues_l, corexii_hall_statues_s,
          hellmonk_ghost_happy_afterlife, uniq_menkaure, uniq_blork_the_orc
D:7:      layout_loops_corners
D:8:      layout_rooms, okawaru_humans, nicolae_ashenzari_skybound,
          zin_statuary, led_sif_book, lemuel_crystal_altar,
          ploomutoo_gammafunk_ghost_potion_laboratory, feat_on_display
D:9:      layout_cave_pods, enter_bailey_5, uniq_erolcha
D:10:     layout_basic, nicolae_wu_jian_wuxing_cycle
Temple:   minmay_temple_bridge_abc
Abyss:2:  base: Temple, bh_abyss_negative, evilmike_abyss_exit_15,
          evilmike_abyss_exit_15, hangedman_abyss_exit_choices

Skill      XL: |  1  2  3  4  5  6  7  8  9 10 |
---------------+-------------------------------+-----
Conjurations   | 5 6 7 8 9 10 | 10.7
Stealth        | 3 |  3.1
Dodging        | 3 |  3.0
Spellcasting   | 4 5 7 8 10 12 13 | 13.3
Hexes          | 1 3 4 5 |  5.7
Fighting       | 2 3 4 |  4.1
Fire Magic     | 2 3 |  3.0
Invocations    | 2 |  2.4

Action                   |  1- 3 |  4- 6 |  7- 9 | 10-12 || total
-------------------------+-------+-------+-------+-------++-------
Melee: Unarmed           |     9 |       |       |       ||     9
       Dagger            |       |     1 |     1 |     4 ||     6
       Mace              |       |     7 |       |       ||     7
       Hand axe          |       |     1 |       |       ||     1
 Cast: Magic Dart        |    77 |    40 |    29 |    23 ||   169
       Searing Ray       |       |    27 |    71 |     8 ||   106
       Dazzling Flash    |       |     1 |       |       ||     1
       Fulminant Prism   |       |       |    10 |    13 ||    23
  Use: Scroll            |       |       |     8 |     2 ||    10
       Potion            |       |       |       |     2 ||     2
 Stab: Sleeping          |       |     1 |       |       ||     1
Armor: Robe              |     9 |     6 |    20 |    18 ||    53
Dodge: Dodged            |    17 |    22 |    49 |    18 ||   106
Block: Other             |       |     5 |    16 |    15 ||    36
       Reflection        |       |     2 |       |     2 ||     4
